 Dungeon Crawl Stone Soup version 0.28-a0-804-g60983d4ba9 (webtiles) character file.

Game seed: 12181804247559000648

679 polve the Skirmisher (level 7, 0/55 HPs)
             Began as a Demonspawn Gladiator on Nov 7, 2021.
             Was an Initiate of Makhleb.
             Slain by Prince Ribbit (4 damage)
             ... on level 5 of the Dungeon.
             The game lasted 00:04:38 (3449 turns).

polve the Skirmisher (Demonspawn Gladiator)         Turns: 3449, Time: 00:04:38

Health: 0/55       AC:  8    Str: 16    XL:     7   Next: 34%
Magic:  10/10      EV:  7    Int:  9    God:    Makhleb [......]
Gold:   320        SH:  5    Dex: 15    Spells: 6/6 levels left

rFire   . . .      SeeInvis .   a - +0 rapier
rCold   . . .      Faith    .   i - +0 buckler
rNeg    . . .      Spirit   .   l - +0 chain mail
rPois   .          Reflect  .   (helmet restricted)
rElec   .          Harm     .   (no cloak)
rCorr   .          Rampage  .   (no gloves)
Will    .....                   (no boots)
Stlth   ..........              e - amulet of regeneration
HPRegen 1.18/turn               n - ring of flight
MPRegen 0.12/turn               (no ring)

@: flying
A: antennae 1, spiny 1
a: Renounce Religion


You were on level 5 of the Dungeon.
You worshipped Makhleb.
Makhleb was noncommittal.
You visited 1 branch of the dungeon, and saw 5 of its levels.

You collected 320 gold pieces.

Inventory:

Hand Weapons
 a - a +0 rapier (weapon)
Missiles
 d - 3 throwing nets (quivered)
Armour
 i - a +0 buckler (worn)
 l - a +0 chain mail (worn)
 o - a +0 pair of gloves
Jewellery
 e - an amulet of regeneration (around neck)
 n - a ring of flight (left hand)
Wands
 h - a wand of mindburst (16)
Scrolls
 b - 3 scrolls of identify
 c - a scroll of teleportation {unknown}
 k - 2 scrolls of enchant weapon {unknown}
Potions
 f - 2 potions of might
 g - a potion of cancellation
 j - a potion of haste
 m - a potion of heal wounds


   Skills:
 + Level 4.4 Fighting
 - Level 4.0 Short Blades
 - Level 1.7 Throwing
 * Level 1.6 Armour
 - Level 2.6 Dodging
 - Level 4.0 Shields
 * Level 4.2 Invocations


You had 6 spell levels left.
You didn't know any spells.
Your spell library contained the following spells:

 Spells                   Type           Power      Damage    Failure   Level
 Beastly Appendage        Tmut           0%         N/A       100%        1
 Magic Dart               Conj           0%         1d3       100%        1
 Call Imp                 Summ           0%         N/A       100%        2
 Passwall                 Tmut/Erth      0%         N/A       100%        2
 Sublimation of Blood     Necr           0%         N/A       100%        2
 Wereblood                Tmut           0%         N/A       100%        2
 Mephitic Cloud           Conj/Pois/Air  0%         N/A       100%        3
 Spider Form              Tmut/Pois      0%         N/A       100%        3
 Swiftness                Air            0%         N/A       100%        3
 Invisibility             Hex            0%         N/A       100%        6
 Summon Hydra             Summ           0%         N/A       100%        7


Dungeon Overview and Level Annotations

Branches:
Dungeon (5/15)
 Temple: D:4-7

Altars:
Dithmenos
Makhleb
Nemelex Xobeh
Trog
The Shining One

Annotations:
D:5 Prince Ribbit


Innate Abilities, Weirdness & Mutations

You have a pair of small antennae on your head.
You are partially covered in sharp spines.


Message History

Prince Ribbit blinks!
The water moccasin skeleton is struck by your spines.
The water moccasin skeleton bites you.
You barely miss the water moccasin skeleton.
The water moccasin skeleton is heavily damaged.
The water moccasin skeleton is struck by your spines.
The water moccasin skeleton barely misses you.
You puncture the water moccasin skeleton!
The water moccasin skeleton is severely damaged.
You closely miss Prince Ribbit.
Prince Ribbit is heavily wounded.
Prince Ribbit is struck by your spines. Prince Ribbit hits you!
Prince Ribbit barely misses you.
You hit Prince Ribbit.
Prince Ribbit is severely wounded.
Prince Ribbit is struck by your spines. Prince Ribbit hits you.
The water moccasin skeleton completely misses you.
You barely miss Prince Ribbit.
Prince Ribbit is almost dead.
Prince Ribbit hits you.
The water moccasin skeleton is struck by your spines.
The water moccasin skeleton bites you.
You hit Prince Ribbit but do no damage.
Prince Ribbit is almost dead.
Prince Ribbit hits you.
The water moccasin skeleton bites you but does no damage.
Prince Ribbit hits you.
* * * LOW HITPOINT WARNING * * *
You hit Prince Ribbit.
Prince Ribbit is almost dead.
You block the water moccasin skeleton's attack.
Prince Ribbit catches a moth with his tongue.
Prince Ribbit is struck by your spines. Prince Ribbit hits you.
* * * LOW HITPOINT WARNING * * *
You miss Prince Ribbit.
Prince Ribbit is almost dead.
Prince Ribbit closely misses you. The water moccasin skeleton bites you.
* * * LOW HITPOINT WARNING * * *
Prince Ribbit is struck by your spines. Prince Ribbit hits you.
You die...

######### ...............
#.......######+##'#######
#.......'...........# #
#.......#....<......## #
#..#########..####...# #
######..#########.#### #
..................#
..................#
..###.Z@###..###### #
#.F.# #### # ....... #
.......... # ...........
# ............ #
############# # #


You could see Prince Ribbit and a water moccasin skeleton.

Vanquished Creatures
  A sky beast (D:3)
  2 necrophages (D:4)
  3 killer bees (D:4)
  A water moccasin skeleton (D:4)
  2 hounds (D:4)
  An orc priest (D:4)
  Jessica (D:3)
  2 adders
  An ufetubus (D:4)
  A worm (D:4)
  A dart slug (D:3)
  9 orcs
  14 endoplasms
  3 giant cockroaches
  2 goblins (D:2)
  10 hobgoblins
  2 jackals
  3 quokkas
  6 ball pythons
  9 bats
  2 frilled lizards
  3 kobolds
  3 rats
82 creatures vanquished.

Notes
Turn   | Place    | Note
-------+----------+-------------------------------------------
     0 | D:1      | polve the Demonspawn Gladiator began the quest for the Orb.
     0 | D:1      | Reached XP level 1. HP: 16/16 MP: 1/1
   359 | D:1      | Gained mutation: You have a pair of small antennae on your
                  | head. [demonic ancestry]
   359 | D:1      | Reached XP level 2. HP: 22/22 MP: 2/2
   970 | D:2      | Reached XP level 3. HP: 23/27 MP: 3/3
  1588 | D:3      | Noticed a sky beast
  1648 | D:3      | Found a sparkling altar of Nemelex Xobeh.
  1797 | D:3      | Reached skill level 1 in Shields
  1833 | D:3      | Noticed Jessica
  1865 | D:3      | Killed Jessica
  1866 | D:3      | Reached XP level 4. HP: 22/33 MP: 4/4
  1874 | D:3      | Killed a sky beast
  1875 | D:3      | Gained mutation: You are partially covered in sharp spines.
                  | [demonic ancestry]
  1875 | D:3      | Reached XP level 5. HP: 17/38 MP: 5/5
  1926 | D:3      | Found a bloodstained altar of Trog.
  2437 | D:4      | Reached XP level 6. HP: 23/47 MP: 6/6
  2494 | D:4      | Found a burning altar of Makhleb.
  2508 | D:4      | Became a worshipper of Makhleb the Destroyer
  2574 | D:4      | Reached skill level 1 in Invocations
  2939 | D:4      | Reached XP level 7. HP: 13/54 MP: 9/9
  3126 | D:4      | Found a shadowy altar of Dithmenos.
  3150 | D:4      | Reached skill level 1 in Armour
  3355 | D:5      | Entered Level 5 of the Dungeon
  3426 | D:5      | Noticed Prince Ribbit
  3449 | D:5      | Slain by Prince Ribbit

Illustrated notes

Levels and vault maps discovered:
D:1:      dpeg_arrival_long_road, layout_rooms, minmay_tetromino_t4
D:2:      layout_basic, grunt_decor_cap
D:3:      layout_basic, amcnicky_altar_gilded, bloody_trog,
          mainiacjoe_overflow_tiny_flanked, dk_vineyard_2, uniq_jessica
D:4:      layout_cave_pods, makhleb_heckhound_becter,
          mainiacjoe_overflow_catwalk
D:5:      layout_gridville, general_overflow_altar, uniq_prince_ribbit1,
          uniq_pikel

Skill      XL: |  1  2  3  4  5  6  7 |
---------------+----------------------+-----
Short Blades   | 3 4 |  4.0
Shields        | 2 3 4 |  4.0
Fighting       | 3 4 |  4.4
Invocations    | 3 4 |  4.2
Armour         | 1 |  1.6
Throwing       | |  1.7
Dodging        | |  2.6

Action                   |  1- 3 |  4- 6 |  7- 9 || total
-------------------------+-------+-------+-------++-------
Melee: Rapier            |   149 |    91 |    43 ||   283
  Use: Potion            |     2 |     4 |       ||     6
       Scroll            |     2 |       |       ||     2
Armor: Leather armour    |    27 |       |       ||    27
       Chain mail        |    36 |    38 |    14 ||    88
Dodge: Dodged            |    66 |    26 |    10 ||   102
Block: Buckler           |    17 |    22 |     7 ||    46

Table legend: (Time is in decaauts)
 A = Elapsed time spent in this place.
 B = Non-inter-level travel time spent in this place.
 C = Inter-level travel time spent in this place.
 D = Time resting spent in this place.
 E = Time spent auto-exploring this place.
 F = Levels seen in this place.
 G = Mean time per level.
                   A        B        C        D        E       F      G
               +--------+--------+--------+--------+--------+-----+--------+
         Total |   3448 |   3274 |    174 |     20 |   2624 |   5 |  689.6 |
       Dungeon |   3448 |   3274 |    174 |     20 |   2624 |   5 |  689.6 |
               +--------+--------+--------+--------+--------+-----+--------+

Top non-repeatable levels by time:
     D:2: 1031 daAuts
     D:4: 946 daAuts
     D:3: 773 daAuts
     D:1: 603 daAuts
     D:5: 93 daAuts
